 Dungeon Crawl Stone Soup version 0.31-a0-1204-ge2c1a860ed (webtiles) character file.

Game seed: 12867391009986219284

3314 lunkers the Grappler (level 10, -13/82 HPs)
             Began as a Meteoran Shapeshifter on Dec 12, 2023.
             Was a Follower of Makhleb.
             Mangled by a komodo dragon (22 damage)
             ... on level 1 of the Lair of Beasts.
             The game lasted 00:08:25 (2748 turns).

lunkers the Grappler (Meteoran Shapeshifter)        Turns: 2748, Time: 00:08:25

Health: -13/82     AC:  6    Str: 20    XL:     10   Next: 44%
Magic:  0/11       EV: 13    Int: 18    God:    Makhleb [*.....]
Gold:   345        SH:  0    Dex: 16    Spells: 9/9 levels left

rFire   . .          .
                       - Unarmed
rCold   . . .        (no shield)
rNeg    . . .        k - +1 ring mail of Music {^Drain rPois Will+ Str+2}
rPois   +            (helmet currently unavailable)
rElec   .            (cloak currently unavailable)
rCorr   .            (gloves currently unavailable)
SInv    .            (boots currently unavailable)
Will    ++...        m - amulet of guardian spirit
Stlth   +            j - +6 ring of intelligence
HPRegen 0.33/turn    (no ring)
MPRegen 0.12/turn

%: guardian spirit
@: beast-form, glowing
A: beast (slay +4), sense surroundings 2, otherworldly, glowing, explore regen
a: Begin Untransformation, Renounce Religion


You were on level 1 of the Lair of Beasts.
You worshipped Makhleb.
Makhleb was aware of your devotion.
You were a hulking beast.
You visited 2 branches of the dungeon, and saw 9 of its levels.

You collected 345 gold pieces.

Inventory:

Armour
 a - a +0 animal skin
 f - a +0 ring mail
 g - +0 steam dragon scales
 k - the +1 ring mail of Music (worn) {^Drain rPois Will+ Str+2}
   (You found it on level 3 of the Dungeon)

   Str+2:     It affects your strength (+2).
   rPois:     It protects you from poison Will+: It increases your willpower.
   ^Drain:    It drains your maximum health when unequipped.
Jewellery
 j - a +6 ring of intelligence (left hand)
 m - an amulet of guardian spirit (around neck)
Talismans
 c - a beast talisman
 d - a flux talisman
 h - a maw talisman
Scrolls
 b - a scroll of fear {unknown}
 e - 4 scrolls of teleportation {unknown}
 l - a scroll of silence {unknown}
 o - a scroll of torment {unknown}
 r - 2 scrolls of noise
 s - 2 scrolls of enchant armour {unknown}
 t - a scroll of fog {unknown}
Potions
 i - a potion of ambrosia
 n - 2 potions of mutation
 p - a potion of brilliance


   Skills:
 + Level 5.6 Fighting
 + Level 5.9 Dodging
 * Level 12.0 Unarmed Combat
 + Level 8.3 Shapeshifting


You had 9 spell levels left.
You didn't know any spells.
Your spell library contained the following spells:

 Spells                   Type           Power      Damage    Failure   Level
 Apportation              Tloc           0%         N/A       36%         1
 Necrotise                Necr           0%         1d4       36%         1
 Summon Small Mammal      Summ           0%         N/A       36%         1


Dungeon Overview and Level Annotations

Branches:
Dungeon (8/15) Zot: 2260   Temple (0/1) D:7            Lair (1/5) D:8 Zot: 441

Altars:
Cheibriados
Dithmenos
Elyvilon
Fedhas
Makhleb
Nemelex Xobeh
Trog
Wu Jian
Yredelemnul
The Shining One

Shops:
D:3 [   D:7 ?

Annotations:
D:5 2 transporters, kd29's ghost, amateur TrSh


Innate Abilities, Weirdness & Mutations

You are a hulking beast.
Your limbs bulge with bestial killing power. (Slay +4)
You passively map the area around you.
You are easily found by Zot.
You glow in the dark.
You regain HP and MP as you explore.


Message History

The wolf bites you.
* * * LOW HITPOINT WARNING * * *
Okay, then.
You closely miss the komodo dragon. You punch the komodo dragon.
The komodo dragon is lightly wounded.
The wolf barely misses you.
Unknown command.
You hit the komodo dragon but do no damage.
The komodo dragon is lightly wounded.
The wolf bites you but does no damage. The komodo dragon barely misses you.
Unknown command.
You hit the komodo dragon but do no damage.
You punch the komodo dragon, but do no damage.
The komodo dragon is lightly wounded.
The wolf bites you.
* * * LOW HITPOINT WARNING * * *
The komodo dragon misses you.
You punch the komodo dragon! Your punch misses the komodo dragon.
The komodo dragon is lightly wounded.
The wolf completely misses you. The wolf misses you.
The komodo dragon misses you.
Unknown command.
You hit the komodo dragon but do no damage.
The komodo dragon is lightly wounded.
The wolf bites you!
* * * LOW HITPOINT WARNING * * *
The komodo dragon bites you!!
* * * LOW MAGIC WARNING * * *
* * * LOW HITPOINT WARNING * * *
Unknown command.
As you read the scroll labelled HODWAB LYEGGY, it crumbles to dust.
You hear a loud clanging noise!
It was a scroll of noise.
You hear a howl! x2; You hear a loud, deep croak! x2; You hear a bellow! x3
You hear an angry hiss.
You hear a bellow! x4; You hear a loud, deep croak!
You hear a croak.
The wolf closely misses you. The wolf barely misses you.
The komodo dragon bites you!!
* * * LOW MAGIC WARNING * * *
You die...

, #.###.##...#.
*
##........(...
* * ,
#.............
* #............
,
#............,,
,, ##....# * ,
, * #.....# * #
* * , ##...h##
.# , #P...lh#
#.#
#.P...###..## ,
##......#....#
* ,,
#............#
, ,
##............
#............
,,
#.#.....#...# *
###...###...# *
##..,
##...#*....#
*#.....


You could see a komodo dragon and a wolf.

Vanquished Creatures
  A komodo dragon (Lair:1)
  A yak (D:8)
  2 steam dragons
  5 water moccasins
  A sky beast (D:6)
  An orc warrior (D:8)
  3 ogres
  3 black bears
  8 bullfrogs
  6 scorpions
  2 howler monkeys (D:7)
  4 hounds
  2 orc priests
  A gnoll bouda (D:4)
  4 iguanas
  A sleepcap (D:5)
  7 gnolls
  5 adders
  A shadow imp (D:8)
  A worm (D:3)
  9 orcs
  2 ball pythons (D:4)
  2 bats
  An endoplasm (D:3)
  2 giant cockroaches (D:3)
  A goblin (D:3)
  6 hobgoblins
  5 kobolds
  4 quokkas
  A frilled lizard (D:1)
  4 rats
96 creatures vanquished.

Notes
Turn   | Place    | Note
-------+----------+-------------------------------------------
     0 | D:1      | lunkers the Meteoran Shapeshifter began the quest for the
                  | Orb.
     0 | D:1      | Reached XP level 1. HP: 16/16 MP: 2/2
   194 | D:1      | Reached XP level 2. HP: 18/23 MP: 3/3
   197 | D:1      | Reached skill level 4 in Unarmed Combat
   384 | D:2      | Reached XP level 3. HP: 24/28 MP: 4/4
   533 | D:3      | Reached XP level 4. HP: 32/35 MP: 5/5
   541 | D:3      | Reached skill level 5 in Unarmed Combat
   547 | D:3      | Identified the +1 ring mail of Music {^Drain rPois Will+
                  | Str+2}
   620 | D:3      | Found Gebioxe's Antique Armour Shoppe.
   731 | D:4      | Noticed an ogre
   737 | D:4      | Killed an ogre
   738 | D:4      | Reached skill level 6 in Unarmed Combat
   738 | D:4      | Reached XP level 5. HP: 40/40 MP: 6/6
   819 | D:4      | Reached XP level 6. HP: 46/47 MP: 7/7
   892 | D:3      | Reached skill level 5 in Shapeshifting
   892 | D:3      | Found a faded altar of an unknown god.
  1189 | D:4      | Noticed an ogre
  1197 | D:4      | Killed an ogre
  1198 | D:4      | Reached skill level 7 in Unarmed Combat
  1198 | D:4      | Reached XP level 7. HP: 32/52 MP: 4/8
  1341 | D:5      | Entered Level 5 of the Dungeon
  1390 | D:5      | Reached skill level 8 in Unarmed Combat
  1430 | D:5      | Found a sparkling altar of Nemelex Xobeh.
  1453 | D:5      | Reached XP level 8. HP: 59/59 MP: 9/9
  1572 | D:5      | Found a transporter.
  1575 | D:5      | Found a transporter.
  1576 | D:5      | Noticed kd29's ghost (amateur TrSh)
  1743 | D:5      | Reached skill level 9 in Unarmed Combat
  1761 | D:6      | Noticed a steam dragon
  1774 | D:6      | Killed a steam dragon
  1870 | D:6      | Gained mutation: You passively map the area around you.
                  | [Meteoran growth]
  1870 | D:6      | Reached XP level 9. HP: 50/69 MP: 6/10
  1882 | D:6      | Found an ornate altar of the Wu Jian Council.
  1940 | D:6      | Found a burning altar of Makhleb.
  1940 | D:6      | Found a shadowy altar of Dithmenos.
  1945 | D:6      | Found a basalt altar of Yredelemnul.
  1949 | D:6      | Found a bloodstained altar of Trog.
  1951 | D:6      | Found a white marble altar of Elyvilon.
  1954 | D:6      | Found a snail-covered altar of Cheibriados.
  1958 | D:6      | Found a blossoming altar of Fedhas.
  1988 | D:6      | Became a worshipper of Makhleb the Destroyer
  2055 | D:6      | Reached skill level 10 in Unarmed Combat
  2151 | D:6      | Noticed a spectral centipede
  2151 | D:6      | Noticed a spectral black mamba
  2297 | D:7      | Found a glowing golden altar of the Shining One.
  2325 | D:7      | Found Hoaxt's Magic Scroll Boutique.
  2364 | D:8      | Found a staircase to the Lair.
  2403 | D:8      | HP: 3/72 [water moccasin (3)]
  2408 | D:8      | Reached skill level 5 in Dodging
  2408 | D:8      | Reached skill level 11 in Unarmed Combat
  2410 | D:8      | Reached XP level 10. HP: 25/80 MP: 2/11
  2435 | D:8      | Reached skill level 5 in Fighting
  2459 | D:8      | Reached * piety under Makhleb
  2585 | Lair:1   | Entered Level 1 of the Lair of Beasts
  2692 | Lair:1   | Noticed a komodo dragon
  2699 | Lair:1   | Killed a komodo dragon
  2700 | Lair:1   | Reached skill level 12 in Unarmed Combat
  2730 | Lair:1   | Noticed a komodo dragon
  2748 | Lair:1   | Mangled by a komodo dragon

Illustrated notes

Levels and vault maps discovered:
D:1:      dpeg_arrival_castle, layout_basic
D:2:      layout_basic, serial_curves, eino_curves_04, eino_curves_02,
          minmay_rat_gold_closets
D:3:      cheibrodos_pilgrimage, layout_loops_cross, serial_shops,
          nicolae_diamond_shop, shapermc_ecumenical_altar_pompeii
D:4:      layout_layer_cave, uniq_crazy_yiuf_cottage, uniq_ijyb
D:5:      layout_rooms, lemuel_doored_altar, serial_aquarium,
          aquarium_bridge_square [aquarium_subvault_wall,
          aquarium_subvault_bridge, aquarium_subvault_bridge,
          aquarium_subvault_window], aquarium_window_fake, aquarium_window_1,
          aquarium_view_2a, aquarium_view_2c, aquarium_balcony_5b,
          gammafunk_ghost_hive
D:6:      lemuel_ice_spiral_2, layout_basic, pdpol_wu_jian_five_deadly_venoms,
          nicolae_overflow_hallway_of_the_gods, minmay_misc_feat_alley
D:7:      layout_gridville, tso_metal_star,
          minmay_temple_entry_drinking_statues, serial_shops, shop,
          lightli_ossuary_entry_decrepit_ruins, uniq_prince_ribbit1
D:8:      layout_gridville, due_lair_maze_entry_diamond, uniq_maurice
Lair:1:   layout_gridlike, portal_ice_cave_entry_pillars_1

Skill      XL: |  1  2  3  4  5  6  7  8  9 10 |
---------------+-------------------------------+-----
Unarmed Combat | 4 6 7 8 9 11 12 | 12.0
Shapeshifting  | 4 5 6 7 8 |  8.3
Fighting       | 3 4 5 |  5.6
Dodging        | 3 5 |  5.9

Action                     |  1- 3 |  4- 6 |  7- 9 | 10-12 || total
---------------------------+-------+-------+-------+-------++-------
  Melee: Unarmed           |    38 |    93 |   177 |    63 ||   371
         Punch             |     2 |     4 |    12 |     7 ||    25
    Use: Potion            |     1 |       |     4 |       ||     5
         Scroll            |       |       |     5 |     1 ||     6
 Armour: Ring mail         |    19 |    67 |   142 |    36 ||   264
         Skin              |     6 |       |    10 |       ||    16
  Dodge: Dodged            |    20 |    38 |   138 |    42 ||   238

Table legend: (Time is in decaauts)
 A = Elapsed time spent in this place.
 B = Non-inter-level travel time spent in this place.
 C = Inter-level travel time spent in this place.
 D = Time resting spent in this place.
 E = Time spent auto-exploring this place.
 F = Levels seen in this place.
 G = Mean time per level.
                   A        B        C        D        E       F      G
               +--------+--------+--------+--------+--------+-----+--------+
         Total |   2697 |   2697 |      0 |     57 |   1517 |   9 |  299.7 |
       Dungeon |   2539 |   2539 |      0 |     57 |   1405 |   8 |  317.4 |
          Lair |    157 |    157 |      0 |      0 |    112 |   1 |  157.0 |
               +--------+--------+--------+--------+--------+-----+--------+

Top non-repeatable levels by time:
     D:3: 448 daAuts
     D:6: 411 daAuts
     D:5: 407 daAuts
     D:4: 355 daAuts
     D:1: 288 daAuts
     D:2: 241 daAuts
     D:8: 234 daAuts
  Lair:1: 157 daAuts
     D:7: 150 daAuts
